AoeStats
← Rupi the wise

Lombardia

508079792Analyzed
3v3 RM · 13d ago on Sep 20, 2026· 117m 56s· 6 players
Game mode
Random Map
Map size
Normal (6 player)
Population
200
Speed
Normal
Resources
Standard
Victory
Conquest
Starting age
Dark Age
Ending age
Imperial Age
RankedLock teamsTeams togetherTeam positionsShared explorationLock speedFull tech treeHidden civsTurbo modeCheats
Victory
Defeat
🇷🇺 Wei · Russia
1075
+15
🇷🇺 Spanish · Russia
1045
+16
🇷🇺 Berbers · Russia
1023
+17
🇦🇷 Slavs · Argentina
1079
-16
🇦🇷 Mapuche · Argentina
1067
-17
🇦🇷 Franks · Argentina
1020
-15
Kairos
9:28 Loom
11:53 Feudal Age
12:22 Man-at-Arms
13:20 Double-Bit Axe
19:29 Castle Age
18:17 Forging
18:50 Bloodlines
20:03 Scale Barding Armor
20:22 Husbandry
23:39 Bow Saw
26:41 Wheelbarrow
33:08 Imperial Age
34:47 Hand Cart
34:18 Horse Collar
35:14 Ballistics
35:55 Chemistry
34:52 Murder Holes
37:34 Iron Casting
40:39 Blast Furnace
40:04 Chain Barding Armor
40:01 Onager
41:19 Conscription
41:18 Scale Mail Armor
41:05 Heavy Hei Guang Cavalry
41:25 Pikeman
42:06 Squires
41:52 Arson
42:00 Halberdier
42:43 Fletching
43:13 Elite Skirmisher
49:36 Hoardings
50:20 Parthian Tactics
50:03 Thumb Ring
50:40 Bodkin Arrow
50:46 Padded Archer Armor
52:07 Caravan
53:32 Bracer
53:47 Leather Archer Armor
59:49 Masonry
59:59 Fortified Wall
59:30 Treadmill Crane
64:07 Coinage
65:22 Banking
71:00 Ring Archer Armor
70:46 Chain Mail Armor
xxhellsingxx
5:32 Loom
11:39 Feudal Age
12:17 Double-Bit Axe
18:28 Castle Age
16:55 Horse Collar
19:13 Forging
19:10 Scale Barding Armor
21:09 Husbandry
23:30 Gold Mining
29:09 Fortified Wall
33:52 Wheelbarrow
33:51 Stone Mining
34:19 Heavy Plow
35:53 Bow Saw
36:48 Iron Casting
36:34 Chain Barding Armor
39:41 Imperial Age
37:30 Hand Cart
37:58 Fletching
38:31 Ballistics
39:49 Bloodlines
41:31 Gold Shaft Mining
40:22 Heavy Camel Rider
41:52 Stone Shaft Mining
46:39 Blast Furnace
46:15 Plate Barding Armor
50:32 Bodkin Arrow
56:28 Crop Rotation
55:44 Elite Genitour
58:04 Bracer
59:44 Conscription
66:27 Chemistry
65:33 Siege Engineers
67:49 Kasbah
70:39 Padded Archer Armor
94:16 Caravan
94:46 Coinage
94:42 Guilds
108:16 Banking
Gingold
5:46 Loom
13:38 Feudal Age
14:22 Double-Bit Axe
19:22 Castle Age
19:45 Horse Collar
23:53 Bow Saw
24:07 Husbandry
28:39 Fervor
29:18 Heavy Plow
31:37 Padded Archer Armor
34:11 Wheelbarrow
33:24 Town Watch
36:49 Imperial Age
35:20 Hand Cart
35:24 Gold Mining
35:45 Town Patrol
36:30 Devotion
37:06 Leather Archer Armor
37:55 Conscription
37:15 Elite Conquistador
39:35 Ring Archer Armor
39:46 Supremacy
39:45 Bloodlines
40:02 Cavalier
40:59 Caravan
41:11 Guilds
41:31 Scale Barding Armor
41:37 Forging
42:42 Fletching
43:46 Bodkin Arrow
43:14 Elite Genitour
44:06 Paladin
46:26 Bracer
46:46 Chain Barding Armor
47:02 Iron Casting
46:37 Thumb Ring
49:09 Chemistry
48:57 Ballistics
49:38 Plate Barding Armor
51:11 Blast Furnace
51:31 Masonry
54:23 Two-Man Saw
53:15 Stone Mining
62:11 Architecture
61:52 Fortified Wall
72:07 Hoardings
71:26 Light Cavalry
73:03 Hussar
95:03 Coinage
111:53 Murder Holes
113:17 Stone Shaft Mining
ferrossi405
9:57 Loom
12:19 Feudal Age
16:26 Castle Age
15:18 Double-Bit Axe
15:15 Horse Collar
21:32 Town Watch
22:32 Wheelbarrow
23:57 Bow Saw
23:54 Heavy Plow
29:24 Imperial Age
27:42 Fortified Wall
27:33 Fletching
28:35 Forging
28:26 Scale Mail Armor
29:00 Masonry
29:18 Detinets
29:08 Pikeman
29:50 Squires
32:22 Druzhina
32:45 Conscription
34:17 Halberdier
34:19 Man-at-Arms
35:02 Town Patrol
35:31 Bloodlines
35:22 Husbandry
36:16 Ballistics
36:56 Chemistry
35:52 Murder Holes
35:30 Long Swordsman
36:21 Two-Handed Swordsman
37:16 Scale Barding Armor
38:00 Crop Rotation
38:34 Two-Man Saw
38:50 Iron Casting
38:19 Champion
40:26 Coinage
40:00 Caravan
40:05 Gold Mining
41:13 Hoardings
40:44 Bodkin Arrow
41:53 Chain Mail Armor
42:26 Chain Barding Armor
44:18 Blast Furnace
44:03 Plate Mail Armor
45:17 Hand Cart
50:55 Banking
50:29 Elite Boyar
51:00 Light Cavalry
52:21 Plate Barding Armor
52:28 Gold Shaft Mining
52:30 Siege Engineers
69:35 Stone Mining
86:53 Hussar
95:11 Capped Ram
98:30 Siege Ram
elrudy
8:54 Loom
11:16 Feudal Age
12:27 Horse Collar
15:05 Castle Age
14:39 Horse Collar
14:47 Double-Bit Axe
18:39 Fletching
23:43 Padded Archer Armor
25:02 Bodkin Arrow
26:15 Wheelbarrow
29:07 Leather Archer Armor
28:35 Pikeman
30:06 Heavy Plow
35:24 Imperial Age
33:13 Bow Saw
32:55 Town Watch
34:42 Forging
35:19 Gold Mining
35:36 Elite Bolas Rider
36:19 Malon
36:23 Elite Skirmisher
37:47 Hand Cart
37:32 Town Patrol
39:41 Butalmapu
39:58 Conscription
40:04 Conscription
42:34 Ring Archer Armor
42:40 Iron Casting
42:05 Scale Mail Armor
42:49 Caravan
43:30 Crop Rotation
44:37 Halberdier
57:43 Ballistics
58:24 Chemistry
57:40 Masonry
57:36 Siege Engineers
57:17 Treadmill Crane
61:22 Capped Ram
66:54 Onager
77:30 Gold Shaft Mining
79:28 Chemistry
88:11 Elite Kona
90:42 Champi Runner
91:24 Arson
91:58 Chain Mail Armor
92:44 Blast Furnace
91:27 Champi Warrior
92:13 Elite Champi Warrior
101:23 Coinage
104:27 Bombard Tower
Rupi the wise
11:36 Feudal Age
18:29 Castle Age
16:16 Loom
19:21 Double-Bit Axe
20:21 Wheelbarrow
23:05 Stone Mining
27:14 Bow Saw
30:49 Hand Cart
31:03 Gold Mining
31:52 Husbandry
32:55 Fletching
35:26 Gold Shaft Mining
35:12 Forging
35:09 Scale Barding Armor
36:06 Elite Skirmisher
37:12 Chain Barding Armor
36:53 Padded Archer Armor
38:03 Bodkin Arrow
41:23 Fortified Wall
43:57 Imperial Age
42:12 Iron Casting
41:53 Leather Archer Armor
42:09 Ballistics
44:03 Caravan
44:02 Cavalier
45:22 Plate Barding Armor
45:48 Blast Furnace
45:27 Paladin
53:33 Scale Mail Armor
54:53 Pikeman
55:34 Squires
60:20 Conscription
60:03 Chivalry
59:46 Halberdier
61:07 Arson
69:31 Onager
77:59 Chemistry
Connection lost

Rejoining the realm…

Still unreachable

The connection could not be restored.

Session expired

The server has moved on; the page needs a fresh start.